 Dungeon Crawl Stone Soup version 0.29.1-13-g9f3cf754e1 (console) character file.

Game seed: 2703775001624023640

2335 om the Nimble (level 9, 0/55 HPs)
             Began as a Djinni Fire Elementalist on Jan 20, 2023.
             Slain by a warg (9 damage)
             ... on level 8 of the Dungeon.
             The game lasted 00:19:05 (8924 turns).

om the Nimble (Djinni Fire Elementalist)            Turns: 8924, Time: 00:19:06

Health: 0/55       AC: 13    Str:  7    XL:     9   Next: 70%
Gold:   459        EV: 17    Int: 18    God:
                   SH:  0    Dex: 17

rFire   + + .      SeeInvis .   e - +0 short sword (flame)
rCold   x . .      Faith    .   (no shield)
rNeg    . . .      Spirit   .   t - +0 steam dragon scales
rPois   ∞          Reflect  .   (no helmet)
rElec   .          Harm     .   (no cloak)
rCorr   .          Rampage  .   (no gloves)
Will    .....                   (boots unavailable)
Stlth   +++.......              (no amulet)
HPRegen 0.18/turn               v - +4 ring of protection
MPRegen 0.00/turn               r - +4 ring of protection

@: mighty, flying
A: sickness immunity, fire resistance 2, cold vulnerability 1, float, innate
caster, HP casting, extra vitality 1
a: no special abilities


You were on level 8 of the Dungeon.
You visited 2 branches of the dungeon, and saw 9 of its levels.

You collected 459 gold pieces.

Inventory:

Hand Weapons
 e - a +0 short sword of flaming (weapon)
 f - a +0 quarterstaff
 y - a +1 whip of distortion
 z - a +1 short sword of holy wrath
Armour
 a - a +1 robe
 h - a +2 robe of positive energy
 l - the +2 cloak "Giylulef" {rC+ Will- Str+2 Int+4}
   (You found it on level 2 of the Dungeon)

   Str:       It affects your strength (+2).
   Int:       It affects your intelligence (+4).
   rC:        It protects you from cold.
   Will:      It decreases your willpower.
 t - +0 steam dragon scales (worn)
Jewellery
 r - a +4 ring of protection (right hand)
 v - a +4 ring of protection (left hand)
 w - a ring of protection from fire
Wands
 A - a wand of quicksilver (12)
Scrolls
 b - 2 scrolls of amnesia
 c - a scroll of enchant armour
 g - a scroll of noise {unknown}
 i - 2 scrolls of torment {unknown}
 j - 2 scrolls of immolation {unknown}
 k - 2 scrolls of fear
 m - a scroll of vulnerability
 p - 3 scrolls of brand weapon
 q - 2 scrolls of poison
 s - a scroll of magic mapping {unknown}
 u - a scroll of teleportation {unknown}
 x - a scroll of fog
Potions
 d - a potion of might
 n - 2 potions of curing
 o - 7 potions of lignification
 B - a potion of degeneration {unknown}
 C - a potion of attraction {unknown}


   Skills:
 * Level 1.2 Short Blades
 * Level 9.6 Dodging
 + Level 5.6 Stealth
 * Level 5.4 Spellcasting


You couldn't memorise any spells.
You knew the following spells:

 Your Spells              Type           Power      Damage    Failure   Level
a - Foxfire               Conj/Fire      96%        2x1d8     1%          1
b - Scorch                Fire           48%        2d7       1%          2
c - Conjure Flame         Conj/Fire      24%        6-21      4%          3
d - Inner Flame           Hex/Fire       24%        N/A       4%          3
e - Flame Wave            Conj/Fire      24%        2d8       14%         4
f - Slow                  Hex            96%        N/A       1%          1
g - Passwall              Tmut/Erth      20%        N/A       1%          2
h - Swiftness             Air            24%        N/A       4%          3
i - Vampiric Draining     Necr           24%        2d7       4%          3
Your spell library was empty.

Dungeon Overview and Level Annotations

Branches:
Dungeon (8/15)             Temple (1/1) D:6            Lair (0/5) D:8

Altars:
Ashenzari
Cheibriados
Dithmenos
Elyvilon
Fedhas
Gozag
Hepliaklqana
Makhleb
Nemelex Xobeh
Ru
Trog
Uskayaw
Wu Jian
Yredelemnul
Zin
The Shining One

Annotations:
D:3 3 runed translucent doors, hawla's ghost, weakling MeFE
D:4 3 runed translucent doors, THTSBRD's ghost, amateur DjGl
D:6 3 runed translucent doors, Rangus's ghost, novice OpBr


Innate Abilities, Weirdness & Mutations

You are immune to sickness and miasma.
You are immune to poison.
Your flesh is very heat resistant. (rF++)
You are vulnerable to cold. (rC-)
You float through the air rather than walking.
You learn spells naturally, not from books.
Your magical power is your life essence.
You have superior vitality. (+4 MHP)


Message History

You miss the warg.
The warg is heavily wounded.
The orc priest is no longer more vulnerable to fire.
The orc priest hits you with a +0 whip. The warg barely misses you.
Your magical contamination has completely faded away.
You barely miss the warg.
The warg is heavily wounded.
The warg bites you but does no damage.
You are too injured to fight recklessly!
You are too injured to fight recklessly!
Casting: Foxfire (safe; 1% risk of failure)
Confirm with . or Enter, or press ? or * to list all spells.
Okay, then.
You feel better. The warg barely misses you. The orc priest closely misses you.
The orc barely misses you. The warg bites you but does no damage.
You feel very mighty all of a sudden.
The orc priest mumbles some strange prayers to Beogh against you.
Beogh smites you!
* * * LOW HITPOINT WARNING * * *
The orc misses you. The warg misses you.
You closely miss the warg.
The warg is heavily wounded.
The warg closely misses you.
The orc priest hits you but does no damage.
The orc closely misses you.
You hit the warg. You burn the warg.
The warg is severely wounded.
The warg misses you.
The orc priest calls down the wrath of Beogh upon you.
Beogh smites you!
* * * LOW HITPOINT WARNING * * *
The orc closely misses you.
You puncture the orc priest! You burn the orc priest.
You kill the orc priest!
The warg closely misses you. The orc hits you but does no damage.
The warg closely misses you.
You hit the warg but do no damage.
The warg is severely wounded.
The warg bites you!
You die...

#..o..P.# #.###... #.......#
#..#..## #.....#### ##...##
###...# #.# ###.###
.##....####.# #####....
#............# #........
.....!...##..########.#######
.....>##.##.ho...............
####.###.##)@.#######.#####.#
#..................# #
######..########## #..# #..#
.... ##... ##.. ##


You could see a warg and an orc.

Vanquished Creatures
  Eustachio (D:4)
  2 steam dragons
  3 sky beasts
  An ogre (D:5)
  2 black bears
  2 centaurs
  2 phantoms (D:5)
  Blork the orc (D:4)
  2 kobold brigands (D:7)
  A bullfrog (D:6)
  A necrophage (D:5)
  5 scorpions
  4 jellies
  An orc priest (D:8)
  A hound (D:7)
  2 iguanas (D:7)
  Terence (D:3)
  2 orc wizards (D:7)
  7 adders
  A shadow imp (D:5)
  2 white imps
  2 worms (D:3)
  A dart slug (D:5)
  4 orcs
  9 ball pythons
  6 endoplasms
  2 giant cockroaches
  7 goblins
  3 hobgoblins
  8 jackals
  5 quokkas
  7 bats
  3 frilled lizards (D:1)
  11 kobolds
  4 rats
116 creatures vanquished.

Vanquished Creatures (collateral kills)
  A foxfire (D:3)
1 creature vanquished.

Vanquished Creatures (others)
  351 foxfires
  2 fungi (D:3)
  3 plants (D:3)
356 creatures vanquished.

Grand Total: 473 creatures vanquished

Notes
Turn   | Place    | Note
-------+----------+-------------------------------------------
     0 | D:1      | om the Djinni Fire Elementalist began the quest for the
                  | Orb.
     0 | D:1      | om set off with the following spells memorised: Foxfire,
                  | Scorch, Conjure Flame, Inner Flame, Flame Wave.
     0 | D:1      | Reached XP level 1. HP: 15/15 MP: 0/0
   219 | D:1      | Reached XP level 2. HP: 13/21 MP: 0/0
   739 | D:1      | Reached XP level 3. HP: 24/25 MP: 0/0
   739 | D:1      | Learned a level 1 spell: Slow
   764 | D:1      | Found a faded altar of an unknown god.
   770 | D:1      | Reached skill level 3 in Dodging
  1559 | D:2      | Reached XP level 4. HP: 29/31 MP: 0/0
  1609 | D:2      | Identified the +2 cloak "Giylulef" {rC+ Will- Str+2 Int+4}
  1700 | D:2      | Identified the +0 chain mail of Duck's Teeth {rElec rF+++
                  | Regen+ Dex-3}
  2457 | D:3      | Found a snail-covered altar of Cheibriados.
  2667 | D:3      | Noticed Terence
  2688 | D:3      | Killed Terence
  2689 | D:3      | Reached skill level 4 in Dodging
  2689 | D:3      | Reached XP level 5. HP: 30/35 MP: 0/0
  2689 | D:3      | Learned a level 2 spell: Passwall
  2826 | D:3      | Found a runed translucent gate.
  2826 | D:3      | Noticed hawla's ghost (weakling MeFE)
  2828 | D:3      | Noticed a kobold brigand
  2833 | D:3      | Found a runed translucent gate.
  2833 | D:3      | Found a runed translucent gate.
  3998 | D:4      | Found a runed translucent gate.
  4000 | D:4      | Found a runed translucent gate.
  4000 | D:4      | Found a runed translucent gate.
  4001 | D:4      | Found an opulent altar of Gozag.
  4002 | D:4      | Noticed a hornet
  4005 | D:4      | Noticed THTSBRD's ghost (amateur DjGl)
  4047 | D:4      | Reached XP level 6. HP: 35/40 MP: 0/0
  4192 | D:4      | Noticed Eustachio
  4203 | D:4      | Killed Eustachio
  4204 | D:4      | Reached skill level 5 in Dodging
  4386 | D:4      | Noticed Blork the orc
  4398 | D:4      | Killed Blork the orc
  4399 | D:4      | Reached XP level 7. HP: 38/45 MP: 0/0
  4399 | D:4      | Learned a level 3 spell: Swiftness
  4780 | D:5      | Entered Level 5 of the Dungeon
  4954 | D:5      | Noticed a steam dragon
  4964 | D:5      | Reached skill level 6 in Dodging
  5163 | D:5      | Killed a steam dragon
  5384 | D:5      | Reached XP level 8. HP: 48/50 MP: 0/0
  5584 | D:5      | Reached skill level 7 in Dodging
  6075 | D:5      | Identified the +0 scale mail of Dramatic Exits {rC- Int+5}
  6448 | D:6      | Reached skill level 8 in Dodging
  6528 | D:6      | Found a runed translucent gate.
  6528 | D:6      | Found a runed translucent gate.
  6528 | D:6      | Found a runed translucent gate.
  6708 | D:6      | Reached XP level 9. HP: 23/55 MP: 0/0
  6708 | D:6      | Learned a level 3 spell: Vampiric Draining
  6713 | D:6      | Reached skill level 5 in Stealth
  7081 | D:6      | Found a staircase to the Ecumenical Temple.
  7090 | Temple   | Entered the Ecumenical Temple
  7868 | D:6      | Noticed Rangus's ghost (novice OpBr)
  7968 | D:7      | Reached skill level 9 in Dodging
  7974 | D:7      | Reached skill level 5 in Spellcasting
  8341 | D:7      | Found a basalt altar of Yredelemnul.
  8534 | D:7      | Found a burning altar of Makhleb.
  8536 | D:7      | Found a glowing golden altar of the Shining One.
  8751 | D:8      | Reached skill level 1 in Short Blades
  8896 | D:8      | Found a staircase to the Lair.
  8924 | D:8      | Slain by a warg

Illustrated notes

Levels and vault maps discovered:
D:1:      minmay_arrival_plants_in_alcoves, layout_rooms,
          ebering_ecumenical_altar_ruins
D:2:      layout_basic
D:3:      wad_river_or_something, layout_loops_ring,
          mainiacjoe_overflow_six_doors_small, gammafunk_ghost_nasty_kobolds,
          serial_bayou, serial_bayou_crossing, serial_bayou_pond_e,
          serial_bayou_pond_a, serial_bayou_pond_e, serial_bayou_pond_d,
          uniq_terence
D:4:      layout_layer_cave, ebering_ghost_gozag, uniq_eustachio,
          uniq_blork_the_orc
D:5:      layout_gridville, minmay_fractal_squares_5
D:6:      layout_cave_pods, minmay_temple_entry_large_hall, gammafunk_ghost_icy,
          minmay_parallelograms
D:7:      layout_rooms, yredelemnul_altar_generic, jmf_multi_god_temple
D:8:      layout_loops_ring, erik_lair_orcish_takeover
Temple:   nicolae_temple_bog_church

Skill      XL: |  1  2  3  4  5  6  7  8  9 |
---------------+----------------------------+-----
Dodging        | 3 4 5 6 8 9 |  9.6
Stealth        | 2 3 4 5 |  5.6
Spellcasting   | 3 4 5 |  5.4
Short Blades   | 1 |  1.2

Action                   |  1- 3 |  4- 6 |  7- 9 || total
-------------------------+-------+-------+-------++-------
Melee: Unarmed           |     1 |       |       ||     1
       Short sword       |    15 |    66 |    90 ||   171
       Punch             |       |       |     1 ||     1
 Cast: Foxfire           |    41 |    69 |    93 ||   203
       Slow              |       |     1 |     2 ||     3
       Inner Flame       |       |     1 |     4 ||     5
       Scorch            |       |       |    29 ||    29
       Passwall          |       |       |     1 ||     1
  Use: Scroll            |     2 |     1 |     8 ||    11
       Potion            |       |       |     3 ||     3
 Stab: Sleeping          |     2 |     2 |     2 ||     6
       Distracted        |     1 |       |     1 ||     2
Armor: Robe              |     5 |    21 |       ||    26
       Steam dragon scal |       |       |    50 ||    50
Dodge: Dodged            |    43 |    61 |   137 ||   241
